 Dungeon Crawl Stone Soup version 0.20-a0-11-ga97c7b5 (webtiles) character file.

19 MrRokkomies the Charmwright (level 2, 0/25 HPs)
             Began as a Demigod Skald on Nov 2, 2016.
             Slain by a frilled lizard (2 damage)
             ... on level 1 of the Dungeon.
             The game lasted 00:00:38 (116 turns).

MrRokkomies the Charmwright (Demigod Skald)          Turns: 116, Time: 00:00:39

Health: 0/25       AC:  3    Str: 15    XL:     2   Next: 39%
Magic:  7/7        EV: 11    Int: 16    God:
Gold:   16         SH:  0    Dex: 15    Spells: 1 memorised, 3 levels left

rFire  . . .     SeeInvis +     e - +0 short sword (curse)
rCold  . . .     Gourm    .     b - +0 leather armour
rNeg   . . .     Faith    .     (no shield)
rPois  .         Spirit   .     (helmet restricted)
rElec  .         Reflect  .     (no cloak)
rCorr  .         Harm     .     (no gloves)
MR     .....                    (no boots)
Stlth  +.........               (no amulet)
                                (no ring)
                                (no ring)

@: no status effects
A: fangs 1, horns 1, see invisible, high mp 1
a: no special abilities


You were on level 1 of the Dungeon.
You were not hungry.

You visited 1 branch of the dungeon, and saw 1 of its levels.

You collected 16 gold pieces.

Inventory:

Hand Weapons
 a - a +0 falchion
 e - a cursed +0 short sword (weapon)
Armour
 b - a +0 leather armour (worn)
Scrolls
 k - a scroll of fog {unknown}
Potions
 h - a potion of degeneration {unknown}
 i - a potion of berserk rage {unknown}
 l - a potion of haste {unknown}
Books
 c - a book of Battle

   Spells                             Type                      Level
   a - Infusion                       Charms                       1
   b - Shroud of Golubria             Charms/Translocation         2
   c - Song of Slaying                Charms                       2
   d - Spectral Weapon                Hexes/Charms                 3
   e - Regeneration                   Charms/Necromancy            3
Comestibles
 d - a bread ration
 j - 2 fruits


   Skills:
 * Level 2.4 Fighting
 * Level 2.3 Long Blades
 - Level 0.8 Armour
 - Level 0.8 Dodging
 - Level 1.7 Spellcasting
 - Level 2.6 Charms


You had 3 spell levels left.
You knew the following spells:

 Your Spells              Type           Power        Failure   Level  Hunger
a - Infusion              Chrm           ##..         10%         1    ##.....


Dungeon Overview and Level Annotations

Branches:
Dungeon (1/15)


Innate Abilities, Weirdness & Mutations

You have an increased reservoir of magic. (+10% MP)
You have very sharp teeth.
You have a pair of small horns on your head.
You have supernaturally acute eyesight. (SInv)


Message History

The ooze is heavily wounded.
The frilled lizard misses you. The goblin hits you with a club.
The ooze closely misses you.
You barely miss the ooze.
The ooze is heavily wounded.
The frilled lizard barely misses you. The ooze hits you but does no damage.
The goblin hits you with a club.
* * * LOW HITPOINT WARNING * * *
You hit the ooze.
The ooze is severely wounded.
The frilled lizard bites you but does no damage.
The ooze hits you.
* * * LOW HITPOINT WARNING * * *
The goblin hits you with a club.
* * * LOW HITPOINT WARNING * * *
It was a potion of mutation.
You feel extremely strange. A pair of horns grows on your head!
Your vision sharpens.
Your teeth lengthen and sharpen.
The frilled lizard bites you.
You die...

#...... .# #........#
........# .....#.####
#........# # ##
#...!....# ?..###.
#...)....###
#...$l#####...........
#.g@Jb(........###.
#.###...##.....# #.
#.....#.....##### ..
....###$........... ..
..####..............
#. .. ...............
. K ...............
...............
...............


You could see an ooze, a goblin, a bat and a frilled lizard.

Vanquished Creatures
  A gnoll (D:1)
  2 goblins (D:1)
  2 hobgoblins (D:1)
  2 frilled lizards (D:1)
  A kobold (D:1)
  3 rats (D:1)
11 creatures vanquished.

Notes
Turn   | Place    | Note
-------+----------+-------------------------------------------
     0 | D:1      | MrRokkomies the Demigod Skald began the quest for the Orb.
     0 | D:1      | Reached XP level 1. HP: 17/17 MP: 5/5
    92 | D:1      | Reached XP level 2. HP: 18/25 MP: 7/7
   116 | D:1      | Gained mutation: You have a pair of small horns on your head. [potion of mutation]
   116 | D:1      | Gained mutation: You have supernaturally acute eyesight. (SInv) [potion of mutation]
   116 | D:1      | Gained mutation: You have very sharp teeth. [potion of mutation]
   116 | D:1      | Slain by a frilled lizard

Vault maps used:
D:1:      minmay_arrival_jagged, hex_intersection

Skill      XL: |  1 |
---------------+----+-----
Fighting       | 2 |  2.4
Long Blades    | 2 |  2.3
Armour         | |  0.8
Dodging        | |  0.8
Spellcasting   | |  1.7
Charms         | |  2.6

Action                   || total
-------------------------++-------
Melee: Short sword       ||    43
Throw: Throwing net      ||     1
  Use: Potion            ||     1
Armor: Leather armour    ||    27
Dodge: Dodged            ||    41
